Baba-Jaga-N, neutral female human Valkyrie -----------# ##########-..........# ----- ----- ------------ # |.........|# #-..<|#########....| |...........## |.........%##### ###|...-e |...| |..).......| ##..........|# # # |...|@ |..*| |..........+ # |....------#`#########%%##########...{|# |...| -----|------ ### ------ # # -----# |...| #### # ### #%########` --.-- # # # # # ## ### # ### # # # # # # # # # ## # # ### # --------.-------#######` ######################### # -----.- |...............# ###|..>..| |..............| #......| |..{............#################### |.....| ---------------- ------- Baba-Jaga-N the Fighter Experience level: 8 Strength: 16 Dexterity: 15 Constitution: 18 Intelligence: 8 Wisdom: 10 Charisma: 7 Health: 0(92) Energy: 23(23) Def: 9 Gold: 1422 Moves: 4624 Dungeon seed: 5tEkRMT2btiSAhZ1 Game ID: Baba-Jaga-N_1527934681 Your Inventory: Coins $ - 1422 gold pieces Weapons a - a blessed +2 silver spear (weapon in hand) b - an uncursed +0 dagger g - a blessed +0 orcish dagger (in quiver) Armor e - an uncursed +3 small shield (being worn) n - an uncursed +1 leather armor (being worn) q - an uncursed +0 orcish helm (being worn) r - an uncursed +0 pair of speed boots (being worn) Comestibles s - an uncursed cram ration C - an uncursed melon Scrolls t - an uncursed scroll of scare monster K - an uncursed scroll of create monster N - a blessed scroll of identify O - 3 uncursed scrolls of blank paper P - a cursed scroll of blank paper Potions A - an uncursed potion of hallucination I - an uncursed potion of paralysis J - an uncursed potion of water Rings M - an uncursed +1 ring of gain constitution R - an uncursed +4 ring of increase damage Wands c - an uncursed wand of cold (0:4) Tools f - an uncursed oil lamp (0:1220) D - an uncursed magic whistle F - an uncursed mirror Spells and supernatural/magical abilities: Name Level Category Fail Memory W - pray for help -- divine ? -- Your skills at the end: Miscellaneous Skills shield [Basic] wands [Basic] Weapon Skills dagger [Basic] spear [Skilled] Spellcasting Skills Final Attributes: You were devoutly aligned. You were cold resistant. You were telepathic. You were very stealthy. You could fly. You were very fast. You are dead. Vanquished creatures: 2 large mimics a long worm a warg a small mimic a tengu 2 ochre jellies a chameleon an elf mummy 6 wolves 2 leprechauns an ice vortex 3 brown puddings a jaguar a raven 4 human zombies a yellow light 4 Mordor orcs a fog cloud a shrieker a gray ooze an elf zombie a ghoul a paper golem a puppy a floating eye a kitten a dwarf 2 homunculi a kobold lord 5 iguanas 2 hill orcs 2 rothes a jitterbug a giant bat 2 gas spores a hobbit 5 geckos a giant rat a brown mold 2 yellow molds 2 green molds a red mold 8 manes a gnome zombie 12 jackals a fox 7 newts 2 goblins 3 sewer rats 6 grid bugs 3 lichens a kobold zombie 116 creatures vanquished. Genocided species: liches 1 species genocided. Voluntary challenges: You did not adorn yourself with jewelry or accessories. You did not cause conflict. You were not invisible. You did not have reflection. You were not displaced. You used a wielded weapon 207 times, starting on turn 9. You did not use containers. You did not apply a unicorn horn. You did not use plumbed fixtures. You read items or engraved 8 times, starting on turn 675. You genocided 1 type of monster, starting on turn 676. You never polymorphed an object. You never changed form. You used no wishes. You never split a pudding. You never wrote Elbereth's name. You never violated your personal moral code. Dungeon overview: The Dungeons of Doom: levels 1 to 12 Level 1 some fountains a long staircase Level 2 a potion shop a long staircase Level 3 an altar to Tyr, a fountain Level 4 a sink Level 5 Level 6 many fountains Level 7 a fountain stairs to Sokoban Level 8 a fountain Level 9 a sink Level 10 Level 11 a general store, an altar to Odin Level 12 <- You were here some fountains Sokoban: Level 6 a magic chest stairs to The Dungeons of Doom History has recorded: On T:1 you entered the Dungeons of Doom to retrieve the Amulet of Yendor! On T:363 you reached level 2 of The Dungeons of Doom. On T:785 you prayed to Odin. On T:897 you reached level 3 of The Dungeons of Doom. On T:931 you advanced to experience level 2. On T:1289 you reached level 4 of The Dungeons of Doom. On T:1298 you advanced to experience level 3. On T:1760 you reached level 5 of The Dungeons of Doom. On T:1762 you advanced to experience level 4. On T:2099 you reached level 6 of The Dungeons of Doom. On T:2149 you advanced to experience level 5. On T:2203 you advanced to experience level 6. On T:2300 you prayed to Odin. On T:2664 you reached level 7 of The Dungeons of Doom. On T:3103 you reached level 4 of Sokoban. On T:3163 you reached level 8 of The Dungeons of Doom. On T:3537 you reached level 9 of The Dungeons of Doom. On T:3538 you advanced to experience level 7. On T:3739 you reached level 10 of The Dungeons of Doom. On T:4079 you reached level 11 of The Dungeons of Doom. On T:4379 you reached level 12 of The Dungeons of Doom. On T:4387 you advanced to experience level 8. Score breakdown: Gold: 1422 ( 142 points) Experience: 8 levels ( 700 points) Exploration: 12 levels ( 330 points) Discoveries: 23 items ( 1150 points) Variety of kills: 52 monsters ( 2000 points) Major goal: (nothing yet) ( 0 points) Survival: died (score multiplied by 3) Total score: 12966 Latest messages: You stop exploring. You jab the iguana! Your hands stop glowing red. The iguana appears confused. The iguana bites! You kill the iguana! You displace Tigger. You stop exploring. You jab the long worm! (7x) The long worm bites! You kill the long worm! There are a few objects here. Where do you want to travel to? You stop. Tigger is in the way! Please move the cursor to an unknown object. Never mind. You jab the floating eye! As you meet its deep, meaningful gaze, you feel its suffering as though it were your own. You die... Final status: Farvel Baba-Jaga-N the Valkyrie, killed by vicarious suffering... You died in The Dungeons of Doom on dungeon level 12 with 12966 points, and 1422 pieces of gold, after 4624 moves. You were level 8 with a maximum of 92 hit points when you died.